 Dungeon Crawl Stone Soup version 0.29-a0-775-g4d7333d4e2 (webtiles) character file.

Game seed: 15953561481840700591

6 gobodom the Magician (level 1, 0/11 HPs)
             Began as an Octopode Hedge Wizard on July 1, 2022.
             Slain by a frilled lizard (1 damage)
             ... on level 1 of the Dungeon.
             The game lasted 00:00:38 (335 turns).

gobodom the Magician (Octopode Hedge Wizard)         Turns: 335, Time: 00:00:41

Health: 0/11       AC:  1    Str:  9    XL:     1   Next: 90%
Magic:  0/4        EV: 13    Int: 16    God:
Gold:   24         SH:  0    Dex: 11    Spells: 5/6 levels left

rFire   . . .      SeeInvis .   a - +0 dagger
rCold   . . .      Faith    .   (no shield)
rNeg    . . .      Spirit   .   b - +0 hat
rPois   .          Reflect  .   (no amulet)
rElec   .          Harm     .   (no ring)
rCorr   .          Rampage  .   (no ring)
Will    .....                   (no ring)
Stlth   +++.......              (no ring)
HPRegen 0.03/turn               (no ring)
MPRegen 0.09/turn               (no ring)
                                (no ring)
                                (no ring)

@: no status effects
A: almost no armour, amphibious, 8 rings, camouflage 1, gelatinous body 1,
(nimble swimmer 1), tentacles
a: no special abilities


You were on level 1 of the Dungeon.
You visited 1 branch of the dungeon, and saw 1 of its levels.

You collected 24 gold pieces.

Inventory:

Hand Weapons
 a - a +0 dagger (weapon)
Armour
 b - a +0 hat (worn)
Potions
 c - 2 potions of magic


   Skills:
 + Level 2.1 Dodging
 + Level 2.9 Stealth
 + Level 3.2 Spellcasting
 + Level 1.0 Conjurations
 + Level 1.0 Summonings
 + Level 1.0 Translocations


You had 5 spell levels left.
You knew the following spells:

 Your Spells              Type           Power      Damage    Failure   Level
a - Magic Dart            Conj           20%        1d4       12%         1

Your spell library contained the following spells:

 Spells                   Type           Power      Damage    Failure   Level
 Slow                     Hex            8%         N/A       19%         1
 Blink                    Tloc           10%        N/A       19%         2
 Call Imp                 Summ           5%         N/A       19%         2
 Conjure Flame            Conj/Fire      4%         6-21      41%         3
 Mephitic Cloud           Conj/Pois/Air  3%         N/A       43%         3


Dungeon Overview and Level Annotations

Branches:
Dungeon (1/15)

Altars:


Innate Abilities, Weirdness & Mutations

You cannot wear most types of armour.
You are amphibious.
You can wear up to eight rings at the same time.
Your skin changes colour to match your surroundings (Stealth+).
Your rubbery body absorbs attacks. (AC +1, EV +1)
((You are camouflaged when in or above water. (Stealth+)))
You have tentacles for arms and can constrict up to eight enemies at once.


Message History

You see here 13 gold pieces.
You now have 24 gold pieces (gained 13).
The magic dart hits the rat.
You kill the rat!
You open the door.
There is an open door here.
A frilled lizard comes into view.
The magic dart hits the frilled lizard.
You kill the frilled lizard!
You can't see any susceptible monsters within range! (Use Z to cast anyway.)
A hobgoblin comes into view.
The magic dart hits the hobgoblin.
The hobgoblin is moderately wounded.
The hobgoblin shouts!
A kobold comes into view. It is wielding a +0 short sword.
You miscast Magic Dart.
You are very lightly contaminated with residual magic.
Nothing appears to happen.
The kobold shouts!
The magic dart hits the hobgoblin.
The hobgoblin is severely wounded.
The magic dart hits the hobgoblin.
You kill the hobgoblin!
A frilled lizard comes into view.
You are out of magic!
You are out of magic!
The kobold hits you with a +0 short sword.
You closely miss the kobold. Your grab misses the kobold.
The kobold hits you with a +0 short sword.
You hit the kobold. Your grab misses the kobold.
The kobold is heavily wounded.
The kobold closely misses you.
Your magical contamination has completely faded away.
You hit the kobold but do no damage. Your grab misses the kobold.
The kobold is heavily wounded.
The kobold hits you with a +0 short sword.
Ouch! That really hurt!
* * * LOW HITPOINT WARNING * * *
The frilled lizard bites you.
You die...

#.#.≈.♣#≈.≈####
##.#≈.≈≈♣≈.≈♣..#
#.......≈≈≈♣≈#.#
###....≈≈.≈.≈≈...#
.......♣.♣..≈..#########
....##....≈.≈.≈#.......#
....##.....#####........
...[##....######........
..........'.....@K†.....
).####....#####..l......
..####....# ...........
..........# #..........#
...♣♣♣....# #..........#
♣♣♣♣8♣♣♣♣..######......#
♣≈≈≈≈≈≈≈♣♣... ......+
≈♣♣♣♣♣♣♣≈♣♣### ......#
≈♣8≈≈≈≈♣♣≈♣♣


You could see a kobold and a frilled lizard.

Vanquished Creatures
  2 hobgoblins (D:1)
  2 ball pythons (D:1)
  A frilled lizard (D:1)
  2 rats (D:1)
7 creatures vanquished.

Notes
Turn   | Place    | Note
-------+----------+-------------------------------------------
     0 | D:1      | gobodom the Octopode Hedge Wizard began the quest for the
                  | Orb.
     0 | D:1      | Reached XP level 1. HP: 11/11 MP: 4/4
   335 | D:1      | Slain by a frilled lizard

Illustrated notes

Levels and vault maps discovered:
D:1:      nagdon_arrival_double_spiral, layout_basic,
          chequers_serial_rivers_marsh, minmay_misc_feat_nine_boxes

Action                   || total
-------------------------++-------
Melee: Dagger            ||     5
       Constrict         ||     1
 Cast: Magic Dart        ||    12
Dodge: Dodged            ||     3

Table legend: (Time is in decaauts)
 A = Elapsed time spent in this place.
 B = Non-inter-level travel time spent in this place.
 C = Inter-level travel time spent in this place.
 D = Time resting spent in this place.
 E = Time spent auto-exploring this place.
 F = Levels seen in this place.
 G = Mean time per level.
                   A        B        C        D        E       F      G
               +--------+--------+--------+--------+--------+-----+--------+
         Total |    335 |    325 |     10 |      0 |    290 |   1 |  335.0 |
       Dungeon |    335 |    325 |     10 |      0 |    290 |   1 |  335.0 |
               +--------+--------+--------+--------+--------+-----+--------+

Top non-repeatable levels by time:
     D:1: 335 daAuts
